 Dungeon Crawl Stone Soup version 0.31.0-9-g3a7656b989 (webtiles) character file.

Game seed: 14900727799496011237

54 qw the Shooter (level 3, 0/20 HPs)
             Began as a Deep Elf Hunter on Feb 2, 2024.
             Killed from afar by Sigmund (11 damage)
             ... with a puff of flame
             ... on level 2 of the Dungeon.
             The game lasted 00:00:04 (1349 turns).

qw the Shooter (Deep Elf Hunter)                    Turns: 1349, Time: 00:00:04

Health: 0/20       AC:  4    Str: 10    XL:     3   Next: 66%
Magic:  5/5        EV: 12    Int: 13    God:
Gold:   129        SH:  0    Dex: 18    Spells: 2/2 levels left

rFire   . . .        a - +0 shortbow (drain)
rCold   . . .        (shield currently unavailable)
rNeg    . . .        c - +0 leather armour
rPois   .            (no helmet)
rElec   .            d - +0 cloak
rCorr   .            (no gloves)
SInv    .            (no boots)
Will    .....        (no amulet)
Stlth   ++           (no ring)
HPRegen 0.23/turn    (no ring)
MPRegen 0.09/turn

%: no passive effects
@: mighty
A: no striking features
a: no special abilities


You were on level 2 of the Dungeon.
You visited 1 branch of the dungeon, and saw 2 of its levels.

You collected 129 gold pieces.


   Skills:
 - Level 1.5 Fighting
 + Level 7.2 Ranged Weapons
 - Level 2.4 Dodging
 - Level 1.2 Stealth


You had 2 spell levels left.
You didn't know any spells.
Your spell library was empty.

Inventory:

Hand Weapons
 a - a +0 shortbow of draining (weapon)
Armour
 c - a +0 leather armour (worn)
 d - a +0 cloak (worn)
 f - a +0 pair of boots
 h - a +0 ring mail
Scrolls
 b - a scroll of immolation {unknown}
Potions
 i - 2 potions of haste {unknown}
 j - a potion of resistance {unknown}
 k - a potion of heal wounds {unknown}
 l - a potion of enlightenment {unknown}

Dungeon Overview and Level Annotations

Branches:
Dungeon (2/15)

Altars:
Gozag

Annotations:
D:2 Sigmund


Message History

The ribbon worm bites you.
You shoot an arrow.
The arrow hits the ribbon worm but does no damage.
The ribbon worm is almost dead.
The ribbon worm barely misses you.
You shoot an arrow. The arrow hits the ribbon worm!
You kill the ribbon worm!
You start resting.
HP restored.
There is an open door here.
l - a red potion You open the door.
There is an open door here.
Sigmund the Dreaded comes into view.
He is wielding a +0 scythe and carrying a wand of flame.
You shoot an arrow. The arrow completely misses Sigmund.
Sigmund shouts!
Sigmund gestures at you while chanting. The puff of flame hits you.
You shoot an arrow.
The arrow hits Sigmund but does no damage.
You shoot an arrow. The arrow hits Sigmund.
Sigmund is lightly wounded.
You shoot an arrow. The arrow closely misses Sigmund.
Sigmund casts a spell at you.
You are confused.
1344 ||| DRINKING viscous emerald potion.
It was a potion of might.
You feel very mighty all of a sudden.
1345 ||| DRINKING orange potion.
It was a potion of curing.
You feel better.
You shoot an arrow. The arrow hits Sigmund.
You drain Sigmund.
Sigmund is moderately wounded.
Sigmund closely misses you.
You shoot an arrow. The arrow barely misses Sigmund.
You shoot an arrow. The arrow closely misses Sigmund.
Sigmund zaps a wand.
The puff of flame hits you!
You shoot an arrow. The arrow barely misses Sigmund.
Sigmund zaps a wand.
The puff of flame hits you!
Ouch! That really hurt!
You die...
Sigmund begins carving another notch in his scythe.

#.# #.#.........+....
#.#...##........#.###
#.#.###..............
#.#..##.#########....
#.##.##.############.
#.##.##.#..........#.
#.##@##.#.#######....
#.##.##.#..........##
#...@##.#..######.###
#######....# #....
##...# ##### #......
.... #..##### ####
#... #.### #.# #.#


You could see Sigmund (very drained).

Vanquished Creatures
  An adder (D:2)
  2 ribbon worms (D:2)
  5 ball pythons
  4 endoplasms
  3 giant cockroaches (D:1)
  4 goblins
  2 hobgoblins
  A quokka (D:1)
  3 bats (D:1)
  A frilled lizard (D:1)
  8 kobolds
  8 rats
42 creatures vanquished.

Notes
Turn   | Place    | Note
-------+----------+-------------------------------------------
     0 | D:1      | qw the Deep Elf Hunter began the quest for the Orb.
     0 | D:1      | Reached XP level 1. HP: 12/12 MP: 3/3
     0 | D:1      | 0 ||| qw: Version: 0.3-a-155-g5e7d8dd
     0 | D:1      | 0 ||| qw: Game counter: 673
     0 | D:1      | 0 ||| qw: Melee chars always use a shield: true
     0 | D:1      | 0 ||| qw: God list: Okawaru
     0 | D:1      | 0 ||| qw: Allow faded altars: false
     0 | D:1      | 0 ||| qw: Do Orc after clearing Dungeon:15 true
     0 | D:1      | 0 ||| qw: Do second Lair branch before Depths: true
     0 | D:1      | 0 ||| qw: Lair rune preference: random
     0 | D:1      | 0 ||| qw: Goals: Normal
     0 | D:1      | 0 ||| PLANNING D:1-11
   103 | D:1      | Reached XP level 2. HP: 16/16 MP: 4/4
   107 | D:1      | Reached skill level 6 in Ranged Weapons
   386 | D:1      | Reached XP level 3. HP: 20/20 MP: 5/5
   533 | D:1      | 533 ||| UPGRADING to +0 cloak.
   538 | D:1      | 538 ||| READING scroll labelled ONIASE YKLELLU.
   538 | D:1      | 538 ||| BRANDING +0 shortbow.
   539 | D:1      | 539 ||| DROPPING scroll of butterflies.
   660 | D:2      | Found an opulent altar of Gozag.
   810 | D:2      | Reached skill level 7 in Ranged Weapons
  1339 | D:2      | Noticed Sigmund
  1344 | D:2      | 1344 ||| DRINKING viscous emerald potion.
  1345 | D:2      | 1345 ||| DRINKING orange potion.
  1349 | D:2      | Killed from afar by Sigmund

Levels and vault maps discovered:
D:1:      dpeg_arrival_houses_and_road, layout_basic
D:2:      layout_basic, basic_altar, uniq_sigmund

Skill      XL: |  1  2  3 |
---------------+----------+-----
Ranged Weapons | 6 7 |  7.2
Fighting       | |  1.5
Dodging        | |  2.4
Stealth        | |  1.2

Action                     || total
---------------------------++-------
   Fire: Shortbow          ||   109
    Use: Potion            ||     2
         Scroll            ||     1
 Armour: Leather armour    ||    12
  Dodge: Dodged            ||     8

Table legend:
 A = Non-vault XP
 B = Vault XP
 C = Vault XP percentage of total XP
 D = Non-vault monster count
 E = Vault monster count
 F = Vault count percentage of total count
                 A         B        C        D         E       F
            +---------+---------+-------+---------+---------+-------
      Total |      78 |       0 |   0.0 |      42 |       0 |   0.0
            +---------+---------+-------+---------+---------+-------
        D:1 |      44 |       0 |   0.0 |      31 |       0 |   0.0
        D:2 |      34 |       0 |   0.0 |      11 |       0 |   0.0
            +---------+---------+-------+---------+---------+-------
